| TOP OF THE 1ST |
|
Tri-City ValleyCats batting - Pitching for Staten Island Yankees : RHP Jorge Aranda
|
|
Pitching: RHP Jorge Aranda
|
|
|
Batting: RHB Justin Olmstead
|
0-0: Ball 1-0: Ball 2-0: Ball 3-0: Called Strike 3-1: Called Strike 3-2: Foul Ball, location: 2F 3-2: Strikes out swinging
|
|
Batting: SHB Paskar Adegoke
|
0-0: Called Strike 0-1: Foul Ball, location: 2F 0-2: Ball 1-2: Strikes out swinging
|
|
Batting: LHB Vinny Siebecker
|
0-0: Ball 1-0: Ball 2-0: TRIPLE (Flyball, 9LD, EV 100.6 MPH)
|
|
Batting: RHB Ramon Castellon
|
0-0: Foul Ball, location: 2F 0-1: Swinging Strike 0-2: Fly out, F7 (Flyball, 7S, EV 76.2 MPH)
|
| Top of the 1st over - 0 runs, 1 hit, 0 errors, 1 left on base; Tri-City 0 - Staten Island 0 |
| BOTTOM OF THE 1ST |
|
Staten Island Yankees batting - Pitching for Tri-City ValleyCats : RHP Adam Behrens
|
|
Pitching: RHP Adam Behrens
|
|
|
Batting: RHB Steve Martin
|
0-0: Ground out 5-3 (Groundball, 56S, EV 87.5 MPH)
|
|
Batting: RHB Phil Corliss
|
0-0: Foul Ball, location: 2F 0-1: Foul Ball, location: 2F 0-2: Hit by Pitch
|
|
Batting: LHB Roald Jacobs
|
0-0: Called Strike Phil Corliss steals 2nd base 0-1: Called Strike 0-2: Ball 1-2: Ball 2-2: SINGLE (Flyball, 8RS, EV 85.6 MPH) Phil Corliss to third Throwing error, E8 Phil Corliss scores Roald Jacobs to second
|
|
Batting: LHB Claudio Kamminga
|
0-0: Ball 1-0: Ball 2-0: Called Strike 2-1: Called Strike 2-2: SINGLE (Groundball, 56D, EV 95.6 MPH) Roald Jacobs to third Runner from 3rd tries for Home, SAFE, throw by LF to home
|
|
Batting: RHB Lorenzo Vasquez
|
0-0: Fly out, F4 (Flyball, 34D, EV 90.6 MPH)
|
|
Batting: LHB Carlos del Cueto
|
0-0: Ball 1-0: Called Strike 1-1: Ball 2-1: Ball 3-1: Base on Balls Claudio Kamminga to second
|
|
Pitching: RHP Justin Coney
|
|
|
Batting: LHB Alex Genao
|
0-0: Ball 1-0: Swinging Strike 1-1: SINGLE (Groundball, 5S, EV 71.2 MPH) (infield hit) Claudio Kamminga to third Carlos del Cueto to second
|
|
Batting: LHB Gotthold Schneider
|
0-0: Called Strike 0-1: Called Strike 0-2: SINGLE (Groundball, 5D, EV 106.2 MPH) Claudio Kamminga scores Carlos del Cueto to third Alex Genao to second Runner from 3rd tries for Home, throw by LF and OUT! 7-2
|
| Bottom of the 1st over - 3 runs, 4 hits, 1 error, 2 left on base; Tri-City 0 - Staten Island 3 |
| TOP OF THE 2ND |
|
Tri-City ValleyCats batting - Pitching for Staten Island Yankees : RHP Jorge Aranda
|
|
Batting: LHB Jon Pope
|
0-0: Foul Ball, location: 2F 0-1: Ball 1-1: Called Strike 1-2: Ball 2-2: Foul Ball, location: 2F 2-2: Strikes out swinging
|
|
Batting: RHB Jorge Gutierrez
|
0-0: Called Strike 0-1: Foul Ball, location: 2F 0-2: Ball 1-2: Strikes out swinging
|
|
Batting: RHB Mike Koch
|
0-0: Foul Ball, location: 2F 0-1: Foul Ball, location: 2F 0-2: Strikes out looking
|
| Top of the 2nd over - 0 runs, 0 hits, 0 errors, 0 left on base; Tri-City 0 - Staten Island 3 |
| BOTTOM OF THE 2ND |
|
Staten Island Yankees batting - Pitching for Tri-City ValleyCats : RHP Justin Coney
|
|
Batting: SHB Plácido Barrrenho
|
0-0: SINGLE (Groundball, 4MD, EV 103.8 MPH)
|
|
Batting: RHB Steve Martin
|
0-0: Ball Wild Pitch! Plácido Barrrenho to second 1-0: Swinging Strike 1-1: Ball 2-1: Foul Ball, location: 2F 2-2: Fly out, F8 (Flyball, 8RXD, EV 104.4 MPH) Runner from 2nd tags up, SAFE at 3rd, no throw by CF
|
|
Batting: RHB Phil Corliss
|
0-0: Ball 1-0: Called Strike 1-1: Ball 2-1: Foul Ball, location: 2F 2-2: Ball 3-2: DOUBLE (Flyball, 8RXD, EV 113.8 MPH) Plácido Barrrenho scores
|
|
Pitching: RHP Mike Wirick
|
|
|
Batting: LHB Roald Jacobs
|
0-0: Ball 1-0: Called Strike 1-1: Ball 2-1: Swinging Strike 2-2: Foul Ball, location: 2F 2-2: Strikes out looking
|
|
Batting: LHB Claudio Kamminga
|
0-0: Ball 1-0: Foul Ball, location: 2F 1-1: Ground out 4-3 (Groundball, 34D, EV 76.2 MPH)
|
| Bottom of the 2nd over - 1 run, 2 hits, 0 errors, 1 left on base; Tri-City 0 - Staten Island 4 |
| TOP OF THE 3RD |
|
Tri-City ValleyCats batting - Pitching for Staten Island Yankees : RHP Jorge Aranda
|
|
Batting: LHB Kyle Moore
|
0-0: Ball 1-0: Fly out, F7 (Flyball, 7, EV 85.0 MPH)
|
|
Batting: RHB Rob Baker
|
0-0: Ground out 5-3 (Groundball, 56S, EV 85.0 MPH)
|
|
Batting: RHB Justin Olmstead
|
0-0: Fly out, F8 (Flyball, 8LS, EV 89.4 MPH)
|
| Top of the 3rd over - 0 runs, 0 hits, 0 errors, 0 left on base; Tri-City 0 - Staten Island 4 |
| BOTTOM OF THE 3RD |
|
Staten Island Yankees batting - Pitching for Tri-City ValleyCats : RHP Mike Wirick
|
|
Batting: RHB Lorenzo Vasquez
|
0-0: Swinging Strike 0-1: SOLO HOME RUN (Flyball, 9D, EV 98.1 MPH), Distance : 375 ft
|
|
Batting: LHB Carlos del Cueto
|
0-0: Ball 1-0: Foul Ball, location: 2F 1-1: Ground out 5-3 (Groundball, 56, EV 81.2 MPH)
|
|
Batting: LHB Alex Genao
|
0-0: Ball 1-0: Swinging Strike 1-1: Ground out 4-3 (Groundball, 4, EV 104.4 MPH)
|
|
Batting: LHB Gotthold Schneider
|
0-0: Ball 1-0: Ball 2-0: Ball 3-0: Base on Balls
|
|
Pitching: RHP Jayson Campbell
|
|
|
Batting: SHB Plácido Barrrenho
|
0-0: Called Strike 0-1: Called Strike Pickoff Throw to First - Out! 1-3
|
| Bottom of the 3rd over - 1 run, 1 hit, 0 errors, 0 left on base; Tri-City 0 - Staten Island 5 |
| TOP OF THE 4TH |
|
Tri-City ValleyCats batting - Pitching for Staten Island Yankees : RHP Jorge Aranda
|
|
Batting: SHB Paskar Adegoke
|
0-0: Fly out, F7 (Flyball, 7D, EV 94.4 MPH)
|
|
Batting: LHB Vinny Siebecker
|
0-0: Called Strike 0-1: Ball 1-1: Foul Ball, location: 2F 1-2: Foul Ball, location: 2F 1-2: SINGLE (Flyball, 78S, EV 84.4 MPH)
|
|
Batting: RHB Ramon Castellon
|
0-0: Ball 1-0: Ball Vinny Siebecker steals 2nd base 2-0: Ball 3-0: Base on Balls
|
|
Batting: LHB Jon Pope
|
0-0: Ball 1-0: Called Strike Balk! Vinny Siebecker to third Ramon Castellon to second 1-1: Fly out, F8 (Flyball, 78D, EV 98.8 MPH) Runner from 3rd tags up, SCORES, throw by CF
|
|
Batting: RHB Jorge Gutierrez
|
0-0: Called Strike 0-1: Ball 1-1: Ground out 4-3 (Groundball, 4M, EV 90.6 MPH)
|
| Top of the 4th over - 1 run, 1 hit, 0 errors, 1 left on base; Tri-City 1 - Staten Island 5 |
| BOTTOM OF THE 4TH |
|
Staten Island Yankees batting - Pitching for Tri-City ValleyCats : RHP Jayson Campbell
|
|
Batting: SHB Plácido Barrrenho
|
0-0: Ball 1-0: Ball 2-0: Called Strike 2-1: Foul Ball, location: 2F 2-2: Ball 3-2: Foul Ball, location: 2F 3-2: Base on Balls
|
|
Batting: RHB Steve Martin
|
0-0: Called Strike 0-1: Ball 1-1: Ball 2-1: Called Strike 2-2: Strikes out looking
|
|
Batting: RHB Phil Corliss
|
0-0: Fielders Choice at 2nd, 2-4 (Groundball, 15S, EV 67.5 MPH)
|
|
Batting: LHB Roald Jacobs
|
0-0: Called Strike 0-1: Swinging Strike 0-2: Ball 1-2: Foul Ball, location: 2F 1-2: Ball 2-2: SINGLE (Groundball, 4S, EV 62.5 MPH) (infield hit) Phil Corliss to second
|
|
Pitching: RHP Jon Davis
|
|
|
Batting: LHB Claudio Kamminga
|
0-0: Ball 1-0: Fielders Choice at 2nd, 5-4 (Groundball, 56, EV 91.9 MPH)
|
| Bottom of the 4th over - 0 runs, 1 hit, 0 errors, 2 left on base; Tri-City 1 - Staten Island 5 |
| TOP OF THE 5TH |
|
Tri-City ValleyCats batting - Pitching for Staten Island Yankees : RHP Jorge Aranda
|
|
Batting: RHB Mike Koch
|
0-0: Ball 1-0: Ball 2-0: Foul Ball, location: 2F 2-1: Ball 3-1: Base on Balls
|
|
Batting: LHB Kyle Moore
|
0-0: Ball 1-0: Ball 2-0: Swinging Strike 2-1: Ball 3-1: Base on Balls Mike Koch to second
|
|
Batting: RHB Rob Baker
|
0-0: Called Strike 0-1: Ball 1-1: Ball 2-1: Swinging Strike 2-2: Strikes out swinging
|
|
Batting: RHB Justin Olmstead
|
0-0: Swinging Strike 0-1: Ball 1-1: Fly out, F4 (Popup, 4MD, EV 50.0 MPH)
|
|
Batting: SHB Paskar Adegoke
|
0-0: Ground out 1-3 (Groundball, 13S, EV 71.9 MPH)
|
| Top of the 5th over - 0 runs, 0 hits, 0 errors, 2 left on base; Tri-City 1 - Staten Island 5 |
| BOTTOM OF THE 5TH |
|
Staten Island Yankees batting - Pitching for Tri-City ValleyCats : RHP Jon Davis
|
|
Batting: RHB Lorenzo Vasquez
|
0-0: Fly out, F9 (Flyball, 9D, EV 88.1 MPH)
|
|
Batting: LHB Carlos del Cueto
|
0-0: Called Strike 0-1: Ball 1-1: Ball 2-1: Foul Ball, location: 2F 2-2: Ball 3-2: Fly out, F7 (Flyball, 78XD, EV 100.0 MPH)
|
|
Batting: LHB Alex Genao
|
0-0: Ground out 6-3 (Groundball, 6, EV 80.6 MPH)
|
| Bottom of the 5th over - 0 runs, 0 hits, 0 errors, 0 left on base; Tri-City 1 - Staten Island 5 |
| TOP OF THE 6TH |
|
Tri-City ValleyCats batting - Pitching for Staten Island Yankees : RHP Jorge Aranda
|
|
Batting: LHB Vinny Siebecker
|
0-0: Ball 1-0: Called Strike 1-1: Swinging Strike 1-2: Strikes out swinging
|
|
Batting: RHB Ramon Castellon
|
0-0: Ball 1-0: Called Strike 1-1: Ball 2-1: Fly out, F9 (Flyball, 9D, EV 103.1 MPH)
|
|
Batting: LHB Jon Pope
|
0-0: Called Strike 0-1: Ground out 4-3 (Groundball, 4MS, EV 93.1 MPH)
|
| Top of the 6th over - 0 runs, 0 hits, 0 errors, 0 left on base; Tri-City 1 - Staten Island 5 |
| BOTTOM OF THE 6TH |
|
Staten Island Yankees batting - Pitching for Tri-City ValleyCats : RHP Jon Davis
|
|
Batting: LHB Gotthold Schneider
|
0-0: Ball 1-0: Ball 2-0: Ball 3-0: Base on Balls
|
|
Batting: SHB Plácido Barrrenho
|
0-0: Called Strike 0-1: Ball Gotthold Schneider steals 2nd base 1-1: SINGLE (Line Drive, 5D, EV 96.9 MPH) Gotthold Schneider to third
|
|
Batting: RHB Steve Martin
|
0-0: 3-RUN HOME RUN (Flyball, 9D, EV 96.9 MPH), Distance : 363 ft
|
|
Batting: RHB Phil Corliss
|
0-0: Called Strike 0-1: Ball 1-1: Ball 2-1: Called Strike 2-2: Ground out 5-3 (Groundball, 56, EV 86.9 MPH)
|
|
Batting: LHB Roald Jacobs
|
0-0: Called Strike 0-1: Swinging Strike 0-2: Ball 1-2: Ball 2-2: Foul Ball, location: 2F 2-2: Ball 3-2: Foul Ball, location: 2F 3-2: Base on Balls
|
|
Batting: LHB Claudio Kamminga
|
0-0: Ball Roald Jacobs steals 2nd base 1-0: Called Strike Roald Jacobs steals 3rd base (no throw) 1-1: Foul Ball, location: 2F 1-2: Foul Ball, location: 2F 1-2: Strikes out looking
|
|
Batting: RHB Lorenzo Vasquez
|
0-0: Ball 1-0: Ball 2-0: Ball 3-0: Base on Balls
|
|
Batting: LHB Carlos del Cueto
|
0-0: Ball 1-0: Ball 2-0: Foul Ball, location: 2F 2-1: Ball 3-1: Base on Balls Lorenzo Vasquez to second
|
|
Batting: LHB Alex Genao
|
0-0: Swinging Strike 0-1: Ball 1-1: SINGLE (Groundball, 56D, EV 104.4 MPH) Roald Jacobs scores Lorenzo Vasquez to third Carlos del Cueto to second Runner from 3rd tries for Home, throw by LF and OUT! 7-2
|
| Bottom of the 6th over - 4 runs, 3 hits, 0 errors, 2 left on base; Tri-City 1 - Staten Island 9 |
| TOP OF THE 7TH |
|
Tri-City ValleyCats batting - Pitching for Staten Island Yankees : RHP Jorge Aranda
|
|
Batting: RHB Jorge Gutierrez
|
0-0: Ground out 6-3 (Groundball, 6, EV 94.4 MPH)
|
|
Batting: RHB Mike Koch
|
0-0: Ball 1-0: Ball 2-0: Ball 3-0: Called Strike 3-1: Foul Ball, location: 2F 3-2: Ground out 6-3 (Groundball, 56, EV 104.4 MPH)
|
|
Batting: LHB Kyle Moore
|
0-0: Called Strike 0-1: Swinging Strike 0-2: Hit by Pitch
|
|
Batting: RHB Rob Baker
|
0-0: Ball Kyle Moore steals 2nd base (no throw) 1-0: Fly out, F9 (Line Drive, 9D, EV 91.9 MPH)
|
| Top of the 7th over - 0 runs, 0 hits, 0 errors, 1 left on base; Tri-City 1 - Staten Island 9 |
| BOTTOM OF THE 7TH |
|
Staten Island Yankees batting - Pitching for Tri-City ValleyCats : RHP Jon Davis
|
|
Batting: LHB Gotthold Schneider
|
0-0: Ball 1-0: Foul Ball, location: 2F 1-1: Foul Ball, location: 2F 1-2: Hit by Pitch
|
|
Batting: SHB Plácido Barrrenho
|
0-0: Ball 1-0: Ball 2-0: Called Strike 2-1: Ball 3-1: Foul Ball, location: 2F 3-2: DOUBLE (Line Drive, 7LS, EV 90.6 MPH) Gotthold Schneider to third
|
|
Pinch Hitting: LHB Jordan Lozoya
|
0-0: Foul Ball, location: 2F 0-1: Fly out, F7 (Flyball, 7LS, EV 88.1 MPH)
|
|
Batting: RHB Phil Corliss
|
0-0: Foul Ball, location: 2F 0-1: Ball 1-1: Foul Ball, location: 2F 1-2: Ball 2-2: Ball 3-2: Foul Ball, location: 2F 3-2: Base on Balls
|
|
Pitching: RHP Ruben Pujols
|
|
|
Batting: LHB Roald Jacobs
|
0-0: Swinging Strike 0-1: Ball 1-1: Fly out, F7 (Flyball, 7LS, EV 83.1 MPH)
|
|
Batting: LHB Claudio Kamminga
|
0-0: SINGLE (Flyball, 9LS, EV 91.9 MPH) Gotthold Schneider scores Plácido Barrrenho to third Phil Corliss to second Runner from 3rd tries for Home, SAFE, throw by RF to home
|
|
Batting: RHB Lorenzo Vasquez
|
0-0: Ball 1-0: Foul Ball, location: 2F 1-1: Ball 2-1: Ball 3-1: Called Strike 3-2: Base on Balls Phil Corliss to third Claudio Kamminga to second
|
|
Batting: LHB Carlos del Cueto
|
Balk! Phil Corliss scores Claudio Kamminga to third Lorenzo Vasquez to second Balk! Claudio Kamminga scores Lorenzo Vasquez to third 0-0: Ball 1-0: Ball 2-0: Ground out 4-3 (Groundball, 4, EV 75.6 MPH)
|
| Bottom of the 7th over - 4 runs, 2 hits, 0 errors, 1 left on base; Tri-City 1 - Staten Island 13 |
| TOP OF THE 8TH |
|
Tri-City ValleyCats batting - Pitching for Staten Island Yankees : RHP Jorge Aranda
|
|
Now at SS: Jordan Lozoya
|
|
|
Batting: RHB Justin Olmstead
|
0-0: Ball 1-0: Foul Ball, location: 2F 1-1: Called Strike 1-2: Foul Ball, location: 2F 1-2: Ball 2-2: SINGLE (Groundball, 6D, EV 95.0 MPH)
|
|
Batting: SHB Paskar Adegoke
|
0-0: DOUBLE (Line Drive, 7LS, EV 103.1 MPH) Justin Olmstead to third
|
|
Batting: LHB Vinny Siebecker
|
0-0: Foul Ball, location: 2F 0-1: Ball 1-1: Foul Ball, location: 2F 1-2: Fly out, F7 (Flyball, 7D, EV 96.9 MPH) Runner from 3rd tags up, SCORES, throw by LF
|
|
Pitching: RHP Nick Howard
|
|
|
Batting: RHB Ramon Castellon
|
0-0: Called Strike 0-1: Fly out, F9 (Flyball, 89D, EV 101.2 MPH) Runner from 2nd tags up, SAFE at 3rd, no throw by RF
|
|
Batting: LHB Jon Pope
|
0-0: Swinging Strike 0-1: Ball 1-1: Ball 2-1: SINGLE (Groundball, 6, EV 95.0 MPH) Paskar Adegoke scores
|
|
Batting: RHB Jorge Gutierrez
|
0-0: Foul Ball, location: 2F 0-1: Ball 1-1: Foul Ball, location: 2F 1-2: Foul Ball, location: 2F 1-2: Ball 2-2: SINGLE (Line Drive, 89S, EV 103.1 MPH) Jon Pope to second
|
|
Batting: RHB Mike Koch
|
0-0: Ball 1-0: Ball 2-0: Foul Ball, location: 2F 2-1: Foul Ball, location: 2F 2-2: Foul Ball, location: 2F 2-2: Ball 3-2: Strikes out looking
|
| Top of the 8th over - 2 runs, 4 hits, 0 errors, 2 left on base; Tri-City 3 - Staten Island 13 |
| BOTTOM OF THE 8TH |
|
Staten Island Yankees batting - Pitching for Tri-City ValleyCats : RHP Ruben Pujols
|
|
Pinch Hitting: RHB Walt Couch
|
0-0: Ball 1-0: Ball 2-0: Ball 3-0: Called Strike 3-1: Base on Balls
|
|
Batting: LHB Gotthold Schneider
|
0-0: Fielders Choice at 2nd, 6-4 (Groundball, 6, EV 86.2 MPH)
|
|
Batting: SHB Plácido Barrrenho
|
0-0: Ball 1-0: Ball 2-0: Foul Ball, location: 2F 2-1: Called Strike 2-2: Ball 3-2: Base on Balls Gotthold Schneider to second
|
|
Batting: LHB Jordan Lozoya
|
Balk! Gotthold Schneider to third Plácido Barrrenho to second 0-0: Called Strike 0-1: Ground out 5-3 (Groundball, 56S, EV 68.1 MPH) Gotthold Schneider scores Plácido Barrrenho to third
|
|
Batting: RHB Phil Corliss
|
0-0: Ball 1-0: Ball 2-0: Ball 3-0: Called Strike 3-1: Base on Balls
|
|
Batting: LHB Roald Jacobs
|
0-0: Ball 1-0: Swinging Strike 1-1: Ball 2-1: Ball 3-1: Fly out, F8 (Flyball, 8RS, EV 86.9 MPH)
|
| Bottom of the 8th over - 1 run, 0 hits, 0 errors, 2 left on base; Tri-City 3 - Staten Island 14 |
| TOP OF THE 9TH |
|
Tri-City ValleyCats batting - Pitching for Staten Island Yankees : RHP Nick Howard
|
|
Now at 1B: Walt Couch
|
|
|
Batting: LHB Kyle Moore
|
0-0: Called Strike 0-1: Swinging Strike 0-2: Ground out 4-3 (Groundball, 4, EV 82.5 MPH)
|
|
Pinch Hitting: RHB Raul Sanchez
|
0-0: Ball 1-0: Ground out 6-3 (Groundball, 6, EV 85.6 MPH)
|
|
Batting: RHB Justin Olmstead
|
0-0: SINGLE (Line Drive, 4D, EV 94.4 MPH)
|
|
Batting: SHB Paskar Adegoke
|
0-0: Called Strike 0-1: Foul Ball, location: 2F 0-2: Ball 1-2: Strikes out looking
|
| Top of the 9th over - 0 runs, 1 hit, 0 errors, 1 left on base; Tri-City 3 - Staten Island 14 |
|